Workbook

Sheet Budget 2025-2026 draft 
B2: Budget 2026-2027
B4: Expenditure | C4: Actual 2024-2025 | E4: Budget 2025/2026 | G4: Actuals to 30/09/2025 | I4: Estimate to 31/03/2026 | K4: Budget 2026-2027 | M4: Difference from 24-25 Actual - 25 26 Latest estimate | O4: Difference between 25-26 Budget - 26-27 Budget | Q4: Brief Notes (To be read in conjunction with full supporting notes and budget setting reports)
B6: Adminstration/ Support Costs (Costs of the Parish Council)
A7: 1 | B7: Audit | C7: 5079 | E7: 5150 | G7: 146.35 | I7: 5150 | K7: 5350 | M7: =C7-I7 -> -71 | O7: =K7-E7 -> 200 | Q7: External Audit Fee £1,385 set by SAAA, Internal Audit Fee £75 / hour & Contingency
A8: 2 | B8: Chairman's Allowance | C8: 549 | E8: 2500 | G8: 809.15 | I8: 2500 | K8: 2500 | M8: =C8-I8 -> -1951 | O8: =K8-E8 -> 0 | Q8: To defray expenses of office
A9: 3 | B9: Members Expenses | C9: 463 | E9: 525 | G9: 40.89 | I9: 525 | K9: 550 | M9: =C9-I9 -> -62 | O9: =K9-E9 -> 25
A10: 4 | B10: Members Training | C10: 645 | E10: 850 | G10: 365 | I10: 850 | K10: 850 | M10: =C10-I10 -> -205 | O10: =K10-E10 -> 0 | Q10: As per councils learning and development policy - funds available for members training
A11: 5 | B11: Office Costs | C11: 2439 | E11: 2600 | G11: 1653.83 | I11: 2600 | K11: 2710 | M11: =C11-I11 -> -161 | O11: =K11-E11 -> 110 | Q11: Inflationary increase for office supplies
A12: 6 | B12: Office equipment & replacements | C12: 6985 | E12: 4500 | G12: 1601.52 | I12: 4000 | K12: 4700 | M12: =C12-I12 -> 2985 | O12: =K12-E12 -> 200 | Q12: Budget for repairs and servicing for office equipment
A13: 7 | B13: Newsletters, Annual Report & Surveys | C13: 4444 | E13: 8000 | G13: 2800 | I13: 8000 | K13: 8000 | M13: =C13-I13 -> -3556 | O13: =K13-E13 -> 0 | Q13: Community Survey for Sports Park Infrastructure
A14: 8 | B14: Subscriptions | C14: 3185 | E14: 4830 | G14: 2076.9 | I14: 4154 | K14: 4250 | M14: =C14-I14 -> -969 | O14: =K14-E14 -> -580 | Q14: Includes memberships: KALC, NALC, Kent Tree & Pond Warden Scheme, National Allotment Association, Living Wage, and SLCC (officers, excl. ALCC). Also includes Cllr-recommended SurveyMonkey subscription.
A15: 9 | B15: IT | C15: 5262 | E15: 7000 | G15: 3225.28 | I15: 7000 | K15: 8000 | M15: =C15-I15 -> -1738 | O15: =K15-E15 -> 1000 | Q15: Budgetary recommendation includes provision for online streaming of council meetings
A16: 10 | B16: Telephone / Internet | C16: 3316 | E16: 3300 | G16: 1700.46 | I16: 3450 | K16: 3600 | M16: =C16-I16 -> -134 | O16: =K16-E16 -> 300 | Q16: New support added to contract
A17: 11 | B17: Staff Training | C17: 2317 | E17: 4725 | G17: 1689.25 | I17: 4000 | K17: 4200 | M17: =C17-I17 -> -1683 | O17: =K17-E17 -> -525 | Q17: As per L&D Policy – provision for officer training, conferences, and seminars (KALC, NALC, SLCC). Current qualifications: PIALC, ILCA, CILCA, FILCA. Clerk holds CILCA. Includes funding for further training (e.g., AAT for Deputy Clerk, CILCA for officers).
A18: 12 | B18: PC Insurance | C18: 3622 | E18: 4000 | G18: 130.56 | I18: 4000 | K18: 4250 | M18: =C18-I18 -> -378 | O18: =K18-E18 -> 250 | Q18: Due November 2025 - will include new insurance requirements
A19: 13 | B19: Election | C19: 0 | E19: 0 | I19: 0 | K19: 0 | M19: =C19-I19 -> 0 | O19: =K19-E19 -> 0 | Q19: Election due 2027, If by election then costs will be met from general reserves
A20: 14 | B20: Bank Fees | C20: 450 | E20: 450 | G20: 162.75 | I20: 450 | K20: 450 | M20: =C20-I20 -> 0 | O20: =K20-E20 -> 0 | Q20: Inflationary increase
A21: 15 | B21: Civic Expenses (incl. Parish Meeting Costs) | C21: 512 | E21: 2450 | G21: 1944.22 | I21: 2450 | K21: 2450 | M21: =C21-I21 -> -1938 | O21: =K21-E21 -> 0 | Q21: Civic expectations for 2026-2027 including Remembrance & Chairmans' attendance at Civic Events
A22: 16 | B22: Loan Repayment / Interest | C22: 115394 | E22: 0 | I22: 0 | K22: 0 | M22: =C22-I22 -> 115394 | O22: =K22-E22 -> 0 | Q22: Loan repaid
A23: 17 | B23: Legal / Professional / Accountant svs | C23: 25294 | E23: 22000 | G23: 24201.17 | I23: 22000 | K23: 23000 | M23: =C23-I23 -> 3294 | O23: =K23-E23 -> 1000 | Q23: Includes legal and accounting fees for 25/26. Review if costs (e.g., JR or SP planning) approved post-budget can be transferred to contingency
B25: Sub Total - Administration / Support costs | C25: =SUM(C7:C23) -> 179956 | E25: =SUM(E7:E23) -> 72880 | G25: =SUM(G7:G23) -> 42547.33 | I25: =SUM(I7:I23) -> 71129 | K25: =SUM(K7:K23) -> 74860 | M25: =SUM(M7:M23) -> 108827 | O25: =SUM(O7:O23) -> 1980
B27: Staff Costs
A28: 18 | B28: Staff Costs | C28: 0 | E28: 205000 | G28: 0 | I28: 265196 | K28: 278000 | M28: =C28-I28 -> -265196 | O28: =K28-E28 -> 73000 | Q28: Cost of living and employer cost increases (NI, pensions), qualification-based increments, long-term absence cover, and approved staffing changes. Refer to confidential Staffing Costs Report.
B29: Employers NI | C29: 17232 | E29: 0 | G29: 12332.8 | I29: 0 | K29: 0 | O29: =K29-E29 -> 0
B30: Pensions | C30: 24032 | E30: 0 | G30: 19045.45 | I30: 0 | K30: 0 | O30: =K30-E30 -> 0
B31: Salaries | C31: 188845 | E31: 0 | G31: 101161.09 | I31: 0 | K31: 0 | O31: =K31-E31 -> 0
B32: Staff Welfare | C32: 39 | G32: 59 | O32: =K32-E32 -> 0
B34: Sub Total - Staff costs | C34: =SUM(C29:C32) -> 230148 | E34: =SUM(E28:E32) -> 205000 | G34: =SUM(G28:G32) -> 132598.34 | I34: =SUM(I28:I32) -> 265196 | K34: =SUM(K28:K32) -> 278000 | M34: =SUM(M28:M32) -> -265196 | O34: =SUM(O28:O32) -> 73000
B36: Building Costs
A37: 19 | B37: NNDR | C37: 0 | E37: 3500 | G37: 8068.83 | I37: 8069 | K37: 8500 | M37: =C37-I37 -> -8069 | O37: =K37-E37 -> 5000 | Q37: Reason for increase - withdrawal of rate relief by TMBC, hence larger budget request for 2026-2027
A38: 20 | B38: Utilities | C38: 32108 | E38: 30000 | G38: 14265.97 | I38: 16000 | K38: 20000 | M38: =C38-I38 -> 16108 | O38: =K38-E38 -> -10000 | Q38: In 2024/25, KHPC secured a new deal with Utility Aid, reducing electricity and gas costs. Further savings expected from solar panels, though exact figures remain uncertain.
A39: 21 | B39: Maintenance, Cleaning Supplies, General Repairs | C39: 22145 | E39: 26250 | G39: 14908.93 | I39: 26250 | K39: 27500 | M39: =C39-I39 -> -4105 | O39: =K39-E39 -> 1250 | Q39: Cleaning Supplies, maintenance contracts and repairs, costs to 31.03.26 will include
A40: 22 | B40: Building Equipment & Replacements | C40: 6307 | E40: 6800 | G40: 2814.48 | I40: 6800 | K40: 7100 | M40: =C40-I40 -> -493 | O40: =K40-E40 -> 300 | Q40: see if any of code 22 expenditure can be allocated to code 21
B42: Sub Total - Building costs | C42: =SUM(C37:C40) -> 60560 | E42: =SUM(E37:E40) -> 66550 | G42: =SUM(G37:G40) -> 40058.21 | I42: =SUM(I37:I40) -> 57119 | K42: =SUM(K37:K40) -> 63100 | M42: =SUM(M37:M40) -> 3441 | O42: =SUM(O37:O40) -> -3450
B44: Community Centre
A45: 23 | B45: Booking System | C45: 420 | E45: 750 | G45: 0 | I45: 500 | K45: 550 | M45: =C45-I45 -> -80 | O45: =K45-E45 -> -200 | Q45: Due February 2026
A46: 24 | B46: Licensing | C46: 1790 | E46: 1850 | G46: 0 | I46: 1850 | K46: 2000 | M46: =C46-I46 -> -60 | O46: =K46-E46 -> 150 | Q46: Due December 2025
A47: 25 | B47: Insurance Prologis | C47: 6973 | E47: 12750 | G47: 0 | I47: 12750 | K47: 12750 | M47: =C47-I47 -> -5777 | O47: =K47-E47 -> 0 | Q47: Due March 2026 & Inflationary Increase, 2025 cost less than anticpated
B49: Sub Total - Community Centre | C49: 9182 | E49: =SUM(E45:E47) -> 15350 | G49: =SUM(G45:G47) -> 0 | I49: =SUM(I45:I47) -> 15100 | K49: =SUM(K45:K47) -> 15300 | M49: =SUM(M45:M47) -> -5917 | O49: =SUM(O45:O47) -> -50
B51: Townsend Bar and Catering Costs
A52: 26 | B52: Townsend Bar Costs (See Income) | C52: 3243 | E52: 3000 | G52: 440 | I52: 0 | K52: 0 | M52: =C52-I52 -> 3243 | O52: =K52-E52 -> -3000 | Q52: Townsend Bar Removed
B54: Sub Total - Townsend Bar and catering costs | C54: =SUM(C52) -> 3243 | E54: =SUM(E52) -> 3000 | G54: =SUM(G52) -> 440 | I54: =SUM(I52) -> 0 | K54: =SUM(K52) -> 0 | M54: =SUM(M52) -> 3243 | O54: =SUM(O52) -> -3000
B56: Allotments
A57: 27 | B57: Allotment Running Costs | C57: 2752 | E57: 3850 | G57: 4022.16 | I57: 4250 | K57: 4350 | M57: =C57-I57 -> -1498 | O57: =K57-E57 -> 500 | Q57: Inflationary increase. Allotment costs met from allotment income and allotment earmarked reserves
A58: 28 | B58: Allotment Landscaping | C58: 2313 | E58: 4000 | G58: 0 | I58: 4000 | K58: 4200 | M58: =C58-I58 -> -1687 | O58: =K58-E58 -> 200 | Q58: Inflationary increase.
A59: 29 | B59: New Allotments Landscaping/ Improvements | C59: 0 | E59: 3000 | G59: 0 | I59: 0 | K59: 0 | M59: =C59-I59 -> 0 | O59: =K59-E59 -> -3000 | Q59: No funds required in 2026-2027 as sufficient held in Earmarked Reserves
B61: Sub Total | C61: =SUM(C57:C59) -> 5065 | E61: =SUM(E57:E59) -> 10850 | G61: =SUM(G57:G59) -> 4022.16 | I61: =SUM(I57:I59) -> 8250 | K61: =SUM(K57:K59) -> 8550 | M61: =SUM(M57:M59) -> -3185 | O61: =SUM(O57:O59) -> -2300
B63: Playground and Open Spaces
A64: 30 | B64: Playgrounds & Open Spaces Grounds Maintenance / Landscape Costs | C64: 3095 | E64: 9000 | G64: 2415.42 | I64: 9000 | K64: 9350 | M64: =C64-I64 -> -5905 | O64: =K64-E64 -> 350
A65: 31 | B65: Play Area Inspections | C65: 1821 | E65: 500 | G65: 1210.75 | I65: 1210.75 | K65: 1250 | M65: =C65-I65 -> 610.25 | O65: =K65-E65 -> 750 | Q65: 2025 inspection reports note minor repairs; funds cover inspections and repairs/replacements. Unused funds to be earmarked for future use.
A66: 32 | B66: Bus Shelter Cleaning & Maintenance & Village Sign Remedial Work | C66: 283 | E66: 1000 | G66: 154.08 | I66: 300 | K66: 500 | M66: =C66-I66 -> -17 | O66: =K66-E66 -> -500 | Q66: Funds for village sign remedials tranferred to reserves at year end suffiencent in reserves for remedial repairs if required
A67: 33 | B67: Salt Bin Refills | C67: 0 | E67: 1000 | G67: 0 | I67: 1000 | K67: 2500 | M67: =C67-I67 -> -1000 | O67: =K67-E67 -> 1500 | Q67: Due in December 2025, P & T recommended budget be increased to provide funds for salt bin repairs/replacements as required
B69: Sub Total | C69: =SUM(C64:C67) -> 5199 | E69: =SUM(E64:E67) -> 11500 | G69: =SUM(G64:G67) -> 3780.25 | I69: =SUM(I64:I67) -> 11510.75 | K69: =SUM(K64:K67) -> 13600 | M69: =SUM(M64:M67) -> -6311.75 | O69: =SUM(O64:O67) -> 2100
B71: Events
A72: 34 | B72: Events | C72: 13159 | E72: 20000 | G72: 27297.15 | I72: 27297.15 | K72: 20000 | M72: =C72-I72 -> -14138.15 | O72: =K72-E72 -> 0 | Q72: 2026 End of Summer Party – 2025/26 costs covered two events, offset by £15K Lottery Grant. Remaining 25/26 funds may support 2026 event. £5K allocated for new events to promote the bar and raise the council’s profile in Kings Hill.
A73: 35 | B73: Rememberance Day | C73: 821 | E73: 1000 | G73: 3 | I73: 1000 | K73: 1000 | M73: =C73-I73 -> -179 | O73: =K73-E73 -> 0 | Q73: Due in December 2025
B75: Sub Total | C75: =SUM(C72:C73) -> 13980 | E75: =SUM(E72:E73) -> 21000 | G75: =SUM(G72:G73) -> 27300.15 | I75: =SUM(I72:I73) -> 28297.15 | K75: =SUM(K72:K73) -> 21000 | M75: =SUM(M72:M73) -> -14317.15 | O75: =SUM(O72:O73) -> 0
B77: 2024-2025 Projects (Expenditure from Earmarked Reserves)
A78: 37 | B78: KHCC Bar Equipment | C78: 0 | E78: 0 | G78: 0 | I78: 0 | K78: 0 | M78: =C78-I78 -> 0 | O78: =K78-E78 -> 0 | Q78: Project due to be completed 25-26. Under budget - £10,000 to reserves at year end
A79: 38 | B79: KHCC Renovations of Townsend Bar | C79: 0 | E79: 0 | G79: 0 | I79: 0 | K79: 0 | M79: =C79-I79 -> 0 | O79: =K79-E79 -> 0 | Q79: Bar Removed, project will not be progressed. Fund transferred to general reserves
A80: 39 | B80: KHCC New Equipment (Tables & Chairs) | C80: 13302 | E80: 0 | G80: 0 | I80: 0 | K80: 0 | M80: =C80-I80 -> 13302 | O80: =K80-E80 -> 0 | Q80: Project Completed 2024/2025
A81: 40 | B81: Allotments Environmental & Accessibility Works | C81: 265 | E81: 0 | G81: 3320 | I81: 0 | K81: 0 | M81: =C81-I81 -> 265 | O81: =K81-E81 -> 0 | Q81: CCE to make spending reccomendations to full council. Unused funds tranferred to earmarked reserves
A82: 41 | B82: Solar Panels Community Centre | C82: 24999 | E82: 0 | G82: 7318.57 | I82: 7318.57 | K82: 0 | M82: =C82-I82 -> 17680.43 | O82: =K82-E82 -> 0 | Q82: Project Completed in 2025/2026
A83: 42 | B83: Padel Tennis PC Contribution | C83: 0 | E83: 25000 | G83: 0 | I83: 25000 | K83: 0 | M83: =C83-I83 -> -25000 | O83: =K83-E83 -> -25000 | Q83: Funds to be transferred to Earmarked Reserves
A84: 43 | B84: 2024-2025 Environmental Works | C84: 1240 | E84: 0 | G84: 1083.66 | I84: 1083.66 | K84: 0 | M84: =C84-I84 -> 156.34 | O84: =K84-E84 -> 0 | Q84: 25–26 underspend to be transferred to reserves.
B86: Sub Total | C86: =SUM(C77:C84) -> 39806 | E86: =SUM(E78:E84) -> 25000 | G86: =SUM(G78:G84) -> 11722.23 | I86: =SUM(I77:I84) -> 33402.23 | K86: =SUM(K77:K84) -> 0 | M86: =SUM(M77:M84) -> 6403.77 | O86: =SUM(O77:O84) -> -25000
B88: 2026-2027 Projects
A89: 44 | B89: Community Assets | C89: 0 | E89: 0 | G89: 0 | I89: 0 | K89: 15000
A90: 45 | B90: Local Government Reorganisation | C90: 0 | E90: 0 | G90: 0 | I90: 0 | K90: 5000
A91: 46 | B91: Town Council Status | C91: 0 | E91: 0 | G91: 0 | I91: 0 | K91: 5000
A92: 48 | B92: Saftey & Resilience | C92: 0 | E92: 0 | G92: 0 | I92: 0 | K92: 5000
A93: 49 | B93: Bus Scheme Survey | C93: 0 | E93: 0 | G93: 0 | I93: 0 | K93: 2500
A94: 50 | B94: Sports Park Expansion | C94: 0 | E94: 0 | G94: 0 | I94: 0 | K94: 100000
A95: 51 | B95: Padel Tennis Pc Contribution | K95: 25000
B97: Sub Total | C97: =SUM(C88:C94) -> 0 | E97: =SUM(E89:E94) -> 0 | G97: =SUM(G89:G94) -> 0 | I97: =SUM(I88:I94) -> 0 | K97: =SUM(K89:K95) -> 157500 | M97: =SUM(M88:M94) -> 0 | O97: =SUM(O88:O94) -> 0
B99: 2025-2026 Projects
A100: 52 | B100: Community Centre Decorating & kitchen refurb | C100: 0 | E100: 15000 | G100: 0 | I100: 15000 | K100: 0 | M100: =C100-I902 -> 0 | O100: =K100-E100 -> -15000 | Q100: New worktops, cupboards, locks, oven, and Townsend Hall redecoration – funds earmarked if incomplete by 31.03.26.
A101: 53 | B101: Mary Ellis Bar Contingency | C101: 0 | E101: 10000 | G101: 39646.43 | I101: 54000 | K101: 0 | M101: =C101-I101 -> -54000 | O101: =K101-E101 -> -10000 | Q101: Construction of Mary Ellis Bar, costs from earmarked reserves
A102: 54 | B102: Sports Park Infrastructure Improvements | C102: 0 | E102: 100000 | G102: 16268.77 | I102: 100000 | K102: =-K100001 -> 0 | M102: =C102-I102 -> -100000 | O102: =K102-E102 -> -100000 | Q102: Provision for infrastucture improvements to KHSP, to be transferred to earmarked reserves at year end, assume same provision required for 2026/2027
A103: 55 | B103: Community Assets | C103: 0 | E103: 15000 | G103: 0 | I103: 15000 | O103: =K103-E103 -> -15000 | Q103: KHPC in talks with KCC and Prologis on asset transfer; pending full council approval. Tranfer to earmarked reserves at year end
B105: Sub Total | C105: =SUM(C100:C103) -> 0 | E105: =SUM(E100:E103) -> 140000 | G105: =SUM(G100:G103) -> 55915.2 | I105: =SUM(I100:I103) -> 184000 | K105: =SUM(K100:K103) -> 0 | M105: =SUM(M100:M103) -> -154000 | O105: =SUM(O100:O103) -> -140000
B107: Sports Park
A108: 56 | B108: SP Termination Reserve Fund | C108: 0 | E108: 25000 | G108: 0 | I108: 25000 | K108: 25000 | M108: =C108-I108 -> -25000 | O108: =K108-E108 -> 0 | Q108: Contingency in the event of the KHSP coming back to KHPC to be transferred to Earmarked Reserves at year end
A109: 57 | B109: Sports Park Insurance | C109: 17904 | E109: 15000 | G109: 11870.47 | I109: 11870.47 | K109: 12500 | M109: =C109-I109 -> 6033.53 | O109: =K109-E109 -> -2500 | Q109: Insurance Recharged by Prologis to KHPC. Note abnormal price increase over previous years
A110: 58 | B110: SP Capital Renewals | C110: 3514 | E110: 3000 | G110: 0 | I110: 3000 | K110: 6000 | M110: =C110-I110 -> 514 | O110: =K110-E110 -> 3000 | Q110: As per lease agreement & following liaison with TMA, £900 incl in 2021 capital renewals matrix uplifted by inflationary costs. Tma advosed om November 2025 of capital renewals of £26k however only £6K has been included in the budget as £20K are held within earmarked reserves which will be used to offset 2026/2027 expenditure
A111: 59 | B111: Sports Park Maintenance | C111: 9592 | E111: 10000 | G111: 6050.56 | I111: 10000 | K111: 10400 | M111: =C111-I111 -> -408 | O111: =K111-E111 -> 400 | Q111: As per lease agreement & following liaison with TMA
A112: 60 | B112: Contribution towards TMBC Head Office Costs | C112: 17500 | E112: 15000 | G112: 15000 | I112: 15000 | K112: 15000 | M112: =C112-I112 -> 2500 | O112: =K112-E112 -> 0 | Q112: As per discussions with TMA and recommendation from Sports Park Committee & subject to FC approving lease amendment
A113: 61 | B113: KHSP Contingency | C113: 8549 | E113: 5000 | G113: 0 | I113: 5000 | K113: 5000 | M113: =C113-I113 -> 3549 | O113: =K113-E113 -> 0 | Q113: KHPC Contribution towards water costs following installation of new irrigation equipment
A114: 62 | B114: Irrigation (Contribution towards Pitch Water Costs) | C114: 0 | E114: 0 | G114: 0 | I114: 5000 | K114: 5000 | M114: =C114-I114 -> -5000 | O114: 0 | Q114: Contribution towards irrigation/water costs.
B116: Sub Total | C116: =SUM(C108:C114) -> 57059 | E116: =SUM(E108:E114) -> 73000 | G116: =SUM(G108:G114) -> 32921.03 | I116: =SUM(I108:I114) -> 74870.47 | K116: =SUM(K108:K114) -> 78900 | M116: =SUM(M108:M114) -> -17811.47 | O116: =SUM(O108:O114) -> 900
B118: General Power of Competence (Formerly S137)
A119: 63 | B119: Community Grants & Donations | C119: 3971 | E119: 10000 | G119: 0 | I119: 10000 | K119: 10500 | M119: =C119-I119 -> -6029 | O119: =K119-E119 -> 500 | Q119: GPC Grants and Donations in line with Grant Policy & Contribtioon towards prrize fund for Christmas Light Competiton
A120: 64 | B120: Christmas Light Competition | C120: 500 | E120: 500 | G120: 0 | I120: 500 | K120: 1000 | M120: =C120-I120 -> 0 | O120: =K120-E120 -> 500 | Q120: Contribution towards the Annual KH Christmas Lights Competition
B122: Sub Total | C122: =SUM(C119:C120) -> 4471 | E122: =SUM(E119:E120) -> 10500 | G122: =SUM(G119:G120) -> 0 | I122: =SUM(I119:I120) -> 10500 | K122: =SUM(K119:K120) -> 11500 | M122: =SUM(M119:M120) -> -6029 | O122: =SUM(O119:O120) -> 1000
B124: Management Fees
A125: 65 | B125: Management Fees - Kings Hill Estate Management | C125: 5493 | E125: 6500 | G125: 854.31 | I125: 5500 | K125: 5750 | M125: =C125-I125 -> -7 | O125: =K125-E125 -> -750 | Q125: costs set by Prologis
A126: 66 | B126: Kings Hill Liberty Property Trust | C126: 9934 | E126: 14000 | G126: 6597.54 | I126: 13120 | K126: 14750 | M126: =C126-I126 -> -3186 | O126: =K126-E126 -> 750 | Q126: costs set by Prologis
B128: Sub Total | C128: =SUM(C125:C126) -> 15427 | E128: =SUM(E125:E126) -> 20500 | G128: =SUM(G125:G126) -> 7451.85 | I128: =SUM(I125:I126) -> 18620 | K128: =SUM(K125:K126) -> 20500 | M128: =SUM(M125:M126) -> -3193 | O128: =SUM(O125:O126) -> 0
B130: Contingencies
A131: 67 | B131: KHPC Contingency | E131: 30000 | G131: 20964.95 | I131: 30000 | K131: 30000 | M131: =C131-I131 -> -30000 | O131: =K131-E131 -> 0 | Q131: Best practice to have coningency for unexpected expenditure
...

Sheet MOVEMENT IN RESERVES
B4: Forecasted Movement in Reserves from 2024-2025 and 2026-2027
B6: Earmarked Reserves | D6: Actual | F6: 2025-2026 | H6: 2025-2026 | J6: Projected | L6: 2026-2027 | N6: 2026-2027 | P6: Projected
D7: 45747 | F7: +'ive | H7: -'ive | J7: 46112 | L7: +'ive | N7: +'ive | P7: 46477
B9: Historic Youth Club Funds | D9: 0 | F9: 5252 | H9: - | J9: 5252 | L9: - | N9: - | P9: 5252
B10: Allotments | D10: 16892 | P10: =+J10+L10-N10 -> 0
B11: Padel Tennis | D11: 25000 | F11: 25000 | H11: 0 | J11: =+D11+F11-H11 -> 50000 | N11: 50000 | P11: =+J11+L11-N11 -> 0
B12: Playgrounds / Open Spaces | D12: 28715 | F12: 4000 | H12: 0 | J12: 32715 | L12: =-N12 -> 0 | P12: =+J12+L12-N12 -> 32715
B13: KHCC Bar Extension | D13: 94000 | F13: 30000 | H13: 89000 | J13: 35000 | N13: 35000 | P13: =+J13+L13-N13 -> 0 | Q13: Actual costs circa £54K, transfer to general reserves £35K, £20K received from WKRSG, £35K retained to meet salary of bar manager/supervisor for 1st year
B14: Sports Park 3G | D14: 127966 | F14: - | H14: 0 | J14: 127966 | L14: =+'Budget 2025-2026 draft '!K132 -> 30000 | P14: =+J14+L14-N14 -> 157966
B15: KHPC General Contingecy | D15: 59047 | F15: - | H15: 0 | J15: 59047 | P15: =+J15+L15-N15 -> 59047
B16: Professional Planning Fees | D16: 25963 | F16: 0 | H16: 10000 | J16: 15963 | N16: 15963 | P16: =+J16+L16-N16 -> 0
B17: Sports Park Termination Fund | D17: 50000 | F17: 25000 | H17: 0 | J17: 75000 | L17: =+'Budget 2025-2026 draft '!K108 -> 25000 | P17: =+J17+L17-N17 -> 100000
B18: KHCC Renovations of Townsend Bar | D18: 7500 | F18: - | H18: 7500 | J18: - | L18: - | N18: - | P18: 0
B19: KHSP Contingency | D19: 8549 | F19: 5000 | H19: - | J19: 13549 | P19: 13549
B20: KHSP Capital / Maintenance Provisions | D20: 12124 | F20: 3000 | J20: 15124 | P20: 15124
B21: Parish Winter Support Scheme | D21: 1000 | F21: 0 | H21: 1000 | J21: - | L21: - | N21: - | P21: 0
B22: Environmental works 2025/2026 u/spend | D22: 8760 | H22: 0 | J22: =+D22+F22-H22 -> 8760 | P22: =+J22+L22-N22 -> 8760
B23: Env. & Accessibility Works - Allotments | D23: 4739 | P23: 4739
B24: TOTAL - Earmarked projects | D24: =SUM(D9:D23) -> 470255 | F24: =SUM(F9:F23) -> 97252 | H24: =SUM(H9:H23) -> 107500 | J24: =SUM(J9:J23) -> 438376 | L24: =SUM(L9:L23) -> 55000 | N24: =SUM(N9:N23) -> 100963 | P24: =SUM(P9:P23) -> 397152
B26: General Reserves | H26: 0 | J26: =+D26+F26-H26 -> 0 | L26: =+P40 -> 13090 | P26: =+J26+L26-N26 -> 13090
B28: TOTALS | D28: =+D26+D24 -> 470255 | F28: =+F26+F24 -> 97252 | H28: =+H26+H24 -> 107500 | J28: =+J24+J26 -> 438376 | L28: =+L26+L24 -> 68090 | N28: =+N26+N24 -> 100963 | P28: =+P24+P26 -> 410242
B30: Annual budget Net | J30: =+J38-J39 -> 132494.6 | P30: =+P38-P39 -> -13090
B31: General Reserves | J31: =+J26 -> 0 | P31: =+P26 -> 13090
B32: Months | J32: =+J31/J30*12 -> 0 | K32: Months | P32: =+P31/P30*12 -> -12 | Q32: Months
B33: Target Test | J33: 6 to 9 | K33: Months | P33: 6 to 9 | Q33: Months
J34: Pass | P34: Pass
J35: Latest Estimate 2025-2026 | P35: Budget 2026-2027
F38: Predicted Expenditure | J38: =+'Budget 2025-2026 draft '!I136 -> 837994.6 | P38: =+'Budget 2025-2026 draft '!K136 -> 802810
F39: Less Predicted Income | J39: =+INCOME!J25 -> 705500 | P39: =+INCOME!L25 -> 815900
F40: Contribution to Reserves | J40: =+J41+J39-J38 -> -132494.6 | P40: =+P41+P39-P38 -> 13090

Sheet INCOME
D3: Actual 2024-2025 | F3: Budget 2025-2026 | H3: Actuals to 30/09/2025 | J3: Estimate to 31/03/2026 | L3: Budget 2026-2027 | N3: Difference from 2025-2026 | P3: Difference between 25-26 - 26-27 Budget | R3: Notes
B5: INCOME
B6: Hall Hire | D6: 173547 | F6: 200000 | H6: 68642.73 | J6: 175000 | L6: 220000 | N6: 20000 | P6: =L6-F6 -> 20000 | R6: Anticipated Increase in hall hire use and potential new bar hiring income. There was a dip in income between April - September 2025 as a result of various works taking place during 2025-2026
B7: Mary Ellis | D7: 0 | F7: 0 | H7: 0 | J7: 0 | L7: 0 | P7: 0
B8: Combined Hall | D8: 0 | F8: 0 | H8: 0 | J8: 0 | L8: 0 | P8: 0
B9: Townsend Hall | D9: 0 | F9: 0 | H9: 0 | J9: 0 | L9: 0 | P9: 0
B10: Jim Fry Hall | D10: 0 | F10: 0 | H10: 0 | J10: 0 | L10: 0 | P10: 0
B11: Braham Suite | D11: 0 | F11: 0 | H11: 0 | J11: 0 | L11: 0 | P11: 0
B12: Gibson Suite | D12: 0 | F12: 0 | H12: 0 | J12: 0 | L12: 0 | P12: 0
B13: Cunningham Hall | D13: 0 | F13: 0 | H13: 0 | J13: 0 | L13: 0 | P13: 0
B14: Community Grants & Donations | D14: 2278 | F14: 1000 | L14: 1000 | N14: 0 | P14: =L14-F14 -> 0 | R14: Grants not guarenteed but KHPC is usually successful in grant applications. Therefore conservative budgetary estimate
B15: Miscellaneous Receipts/ Interest | D15: 35376 | F15: 40000 | H15: 12906.43 | J15: 26000 | L15: 40400 | P15: =L15-F15 -> 400 | R15: Interest from Unity Trust Reserves & CCLA Investment
B16: Allotments Income | D16: 3196 | F16: 4500 | H16: 2828.58 | J16: 4500 | L16: 4500 | P16: =L16-F16 -> 0 | R16: No increase to allotment rent in 26-27 - pro-rated refunds for plots vacated during allotment year. Assuming all 103 plots let (£4115) provision incl deposts
B17: Townsend Bar Receipts | D17: 4505 | F17: 6000 | H17: 0 | J17: 0 | L17: 0 | P17: =L17-F17 -> -6000
B18: Late Lock Up Fee | D18: 0 | F18: 0 | H18: 153.18 | J18: 0 | L18: 0 | P18: =L18-F18 -> 0
B19: Booking Add-On Charges | D19: 0 | F19: 0 | H19: 537.93 | J19: 0 | L19: 0 | P19: =L19-F19 -> 0
B20: Cleaning Service | D20: 0 | F20: 0 | H20: 787.5 | J20: 0 | L20: 0 | P20: =L20-F20 -> 0
B21: Caretaker Service | D21: 0 | F21: 0 | H21: 873.22 | J21: 0 | L21: 0 | P21: =L21-F21 -> 0
B22: Preschool Rent | D22: 0 | F22: 0 | H22: 4713.78 | J22: 0 | L22: 0 | P22: =L22-F22 -> 0
B23: Precept | D23: 525205 | F23: 500000 | H23: 500000 | J23: 500000 | L23: 500000 | P23: =L23-F23 -> 0
B24: Mary Ellis Bar Income | L24: 50000 | R24: No receipts est for Qtr 3 25/26 as bar becomes established, set up costs met from bar receipts & reserves. Cautious 26/27 est actuals should be higher - difficult to predict as new enterprise for KHPC
B25: Total Income | D25: =SUM(D6:D23) -> 744107 | F25: =SUM(F6:F23) -> 751500 | H25: =SUM(H6:H23) -> 591443.35 | J25: =SUM(J6:J23) -> 705500 | L25: =SUM(L6:L24) -> 815900 | N25: =SUM(N6:N17) -> 20000 | P25: =SUM(P6:P23) -> 14400
B28: Option 1 | D28: 0% increase in precept
D30: Budget 2026-2027 | F30: Notes
B31: Predicted Expenditure | D31: 802810
B32: Less Predicted Income | D32: 315900
B33: Less Contribution to Reserves | D33: 13090 | F33: underspent on bar £70K, | H33: Townsend Bar Project not progressing £7.5K, underspend on contingencies
B34: Precept/ NET to Raise | D34: 500000
B35: Council Tax (Band D Equivilant) | C35: Equivalent | F35: TMBC to provide Band D tax base information by mid December
B36: Band D Precept | D36: 0
D37: 0
D40: 5% increase in precept
D42: Budget 2026-2027 | F42: Notes
B43: Predicted Expenditure | D43: 802810
B44: Less Predicted Income | D44: 315900
B45: Contribution to Reserves | D45: 38090 | F45: underspent on bar £70K, | H45: Townsend Bar Project not progressing £7.5K, underspend on contingencies
B46: Precept/ NET to Raise | D46: 525000
B47: Council Tax (Band D Equivilant) | C47: Equivalent | F47: TMBC to provide Band D tax base information by mid December
B48: Band D Precept
D52: 5% decrease in precept
D54: Budget 2026-2027 | F54: Notes
B55: Predicted Expenditure | D55: 802810
B56: Less Predicted Income | D56: 315900
B57: Contribution from Reserves | D57: 11910 | F57: underspent on bar £70K, | H57: Townsend Bar Project not progressing £7.5K, underspend on contingencies
B58: Precept/ NET to Raise | D58: 475000
B59: Council Tax (Band D Equivilant) | C59: Equivalent | F59: TMBC to provide Band D tax base information by mid December
B60: Band D Precept

Sheet notes for 25-26 budget
B2: Additional Supporting Notes for 2026-2027
C5: New codes Required for 2026-2027
